 Dungeon Crawl Stone Soup version 0.32-a0-640-gc5db3fc80f (webtiles) character file.

Game seed: 8970683504251663812

2460394 Sergey the Sorcerer (level 27, 260/260 HPs)
             Began as a Naga Warper on Mar 7, 2024.
             Was an Elder of Kikubaaqudgha.
             Escaped with the Orb
             ... and 4 runes on Mar 8, 2024!
             The game lasted 03:19:02 (64738 turns).

Sergey the Sorcerer (Naga Warper)                  Turns: 64738, Time: 03:19:03

Health: 260/260    AC: 36    Str: 14    XL:     27
Magic:  28/59      EV: 14    Int: 39    God:    Kikubaaqudgha [****..]
Gold:   438        SH: 10    Dex: 18    Spells: 15/73 levels left

rFire   + + +        w - +9 demon whip (pain)
rCold   + + +        a - +4 buckler of Faihei {*Corrode rN+ Int+7}
rNeg    + . .        n - +2 robe {Will+}
rPois   +            x - +2 helmet of the Guild-Master {rElec rF+ Stlth+}
rElec   +            M - +0 cloak "Awineali" {rF+ rC+ Dex+4 Stlth+}
rCorr   +            T - +2 pair of gloves
SInv    +            y - +4 barding {Fly}
Will    ++++.        z - amulet of Lonum {^Drain rC+ Regen+ rCorr Dex+2}
Stlth   ++           h - ring "Isem" {rC++ MP+9 AC+4 Str-2}
HPRegen 1.43/turn    k - ring "Gaoponim" {rF+ Int+8}
MPRegen 0.36/turn

%: corrode self (3%)
@: flying, studying 2 skills, very slow
A: AC +9, large, see invisible, deformed body, poison resistance, slowness 2,
spit poison 1, naga tail 2
0: Orb of Zot
}: 4/15 runes: decaying, serpentine, slimy, silver
a: Spit Poison, Renounce Religion, Unearth Wretches


You escaped.
You worshipped Kikubaaqudgha.
Kikubaaqudgha was greatly pleased with you.
You visited 10 branches of the dungeon, and saw 52 of its levels.
You visited 1 bazaar.
You also visited: Trove, Bailey, Gauntlet, Ice Cave and Volcano.

You collected 8664 gold pieces.
You spent 8226 gold pieces at shops.

Inventory:

Hand Weapons
 w - a +9 demon whip of pain (weapon)
Missiles
 f - 4 curare-tipped darts
 S - 4 throwing nets
Armour
 a - the +4 buckler of Faihei (worn) {*Corrode rN+ Int+7}
   (You found it in a treasure trove)

   Int+7:     It affects your intelligence (+7).
   rN+:       It protects you from negative energy.
   *Corrode:  It may corrode you when you take damage.
 n - a +2 robe of willpower (worn)
 x - the +2 helmet of the Guild-Master (worn) {rElec rF+ Stlth+}
   (You found it in a Gauntlet)

   rF+:       It protects you from fire.
   rElec:     It insulates you from electricity.
   Stlth+:    It makes you more stealthy.
 y - a +4 barding of flying (worn)
 E - a +2 cloak of willpower
 M - the +0 cloak "Awineali" (worn) {rF+ rC+ Dex+4 Stlth+}
   (You found it on level 5 of the Pits of Slime)

   Dex+4:     It affects your dexterity (+4).
   rF+:       It protects you from fire.
   rC+:       It protects you from cold.
   Stlth+:    It makes you more stealthy.
 T - a +2 pair of gloves (worn)
Jewellery
 e - a ring of willpower
 g - the ring "Utrenlin" {Int+3 Dex+6}
   (You found it in a treasure trove)

   [ring of dexterity]

   Int+3:     It affects your intelligence (+3).
   Dex+6:     It affects your dexterity (+6).
 h - the ring "Isem" (left hand) {rC++ MP+9 AC+4 Str-2}
   (You found it in a treasure trove)

   [ring of protection]

   AC+4:      It affects your AC (+4).
   Str-2:     It affects your strength (-2).
   rC++:      It greatly protects you from cold.
   MP+9:      It affects your magic capacity (+9).
 k - the ring "Gaoponim" (right hand) {rF+ Int+8}
   (You took it off a deep elf death mage on level 3 of the Elven Halls)

   [ring of protection from fire]

   Int+8:     It affects your intelligence (+8).
   rF+:       It protects you from fire.
 p - the ring of the Tortoise {AC+8}
   (You took it off a vault warden on level 5 of the Vaults)

   [ring of protection]

   AC+8:      It affects your AC (+8).
 z - the amulet of Lonum (around neck) {^Drain rC+ Regen+ rCorr Dex+2}
   (You bought it in a shop in a bazaar)

   [amulet of regeneration]

   Dex+2:     It affects your dexterity (+2).
   rC+:       It protects you from cold.
   Regen+:    It increases your rate of health regeneration.
   rCorr:     It protects you from acid and corrosion.
   ^Drain:    It drains your maximum health when unequipped.
Wands
 c - a wand of light (16)
 i - a wand of roots (42)
 v - a wand of digging (2)
 K - a wand of mindburst (40)
 W - a wand of charming (66)
Scrolls
 b - 5 scrolls of poison
 d - 3 scrolls of enchant armour
 j - 9 scrolls of vulnerability {!r}
 l - 9 scrolls of fog {@r2}
 r - a scroll of butterflies
 u - 5 scrolls of silence {!r}
 L - 2 scrolls of blinking {@r4}
 N - 4 scrolls of enchant weapon
 P - 7 scrolls of amnesia
 Q - 4 scrolls of fear
 U - 19 scrolls of teleportation {@r3}
 X - 6 scrolls of immolation
Potions
 m - 2 potions of ambrosia
 o - 4 potions of brilliance
 q - 6 potions of cancellation
 s - 7 potions of enlightenment
 t - 4 potions of resistance
 A - 10 potions of heal wounds {@q1}
 H - 3 potions of magic
 I - 7 potions of invisibility
 J - 4 potions of lignification
 O - a potion of haste {@q5}
 V - 8 potions of mutation
 Y - 26 potions of curing {@q2}
 Z - 14 potions of might {@q3}
Miscellaneous
 B - a tin of tremorstones (2/2)
 C - a sack of spiders
 D - a phantom mirror
 G - a phial of floods
 R - a lightning rod (4/4)


   Skills:
 + Level 18.0 Fighting
 - Level 6.0 Short Blades
 - Level 12.0 Maces & Flails
 - Level 0.8 Throwing
 + Level 13.9 Armour
 + Level 11.9 Dodging
 - Level 8.0 Stealth
 - Level 7.0 Shields
 + Level 23.6 Spellcasting
 - Level 8.0 Conjurations
 - Level 20.0 Necromancy
 - Level 3.0 Translocations
 - Level 19.0 Fire Magic
 - Level 8.0 Earth Magic
 - Level 8.0 Alchemy
 - Level 6.0 Evocations


You had 15 spell levels left.
You knew the following spells:

 Your Spells              Type           Power      Damage    Failure   Level
a - Bombard               Conj/Erth      41%        9d7       3%          6
b - Dispel Undead         Necr           100%       3d31      0%          4
c - Lee's Rapid Deconstr  Erth           41%        3d20*     1%          5
d - Vampiric Draining     Necr           100%       2d13      0%          3
e - Blink                 Tloc           100%       N/A       1%          2
f - Infestation           Necr           58%        N/A       1%          8
g - Sublimation of Blood  Necr           100%       N/A       0%          2
i - Animate Dead          Necr           100%       N/A       0%          4
m - Ignition              Fire           57%        3d16      1%          8
q - Death Channel         Necr           58%        N/A       1%          6
r - Irradiate             Conj/Alch      41%        3d25      1%          5
z - Borgnjor's Vile Clut  Necr/Erth      50%        N/A       1%          5

Your spell library contained the following spells:

 Spells                   Type           Power      Damage    Failure   Level
 Foxfire                  Conj/Fire      100%       2x1d9     0%          1
 Kiss of Death            Conj/Necr      100%       2d13      0%          1
 Necrotise                Necr           100%       1d9       0%          1
 Scorch                   Fire           100%       2d9       0%          2
 Fugue of the Fallen      Necr           100%       N/A       0%          3
 Curse of Agony           Necr           100%       N/A       0%          5
 Apportation              Tloc           100%       N/A       1%          1
 Freeze                   Ice            100%       1d10      1%          1
 Magic Dart               Conj           100%       1d8       1%          1
 Sandblast                Erth           100%       2d20      1%          1
 Shock                    Conj/Air       100%       1d9       1%          1
 Slow                     Hex            100%       N/A       1%          1
 Sting                    Conj/Alch      100%       1d9       1%          1
 Summon Small Mammal      Summ           100%       N/A       1%          1
 Call Imp                 Summ           92%        N/A       1%          2
 Cigotuvi's Dreadful Rot  Necr/Alch/Air  100%       N/A       1%          2
 Ensorcelled Hibernation  Hex/Ice        92%        N/A       1%          2
 Jinxbite                 Hex            92%        N/A       1%          2
 Lesser Beckoning         Tloc           100%       N/A       1%          2
 Mercury Vapours          Alch/Air       100%       N/A       1%          2
 Momentum Strike          Conj/Tloc      100%       3d10      1%          2
 Confusing Touch          Hex            46%        N/A       1%          3
 Dazzling Flash           Conj/Hex       100%       N/A       1%          3
 Frozen Ramparts          Ice            92%        1d14      1%          3
 Gell's Gravitas          Tloc           62%        N/A       1%          3
 Hailstorm                Conj/Ice       67%        3d12      1%          3
 Inner Flame              Hex/Fire       88%        N/A       1%          3
 Mephitic Cloud           Conj/Alch/Air  73%        N/A       1%          3
 Ozocubu's Armour         Ice            46%        N/A       1%          3
 Passwall                 Erth           83%        N/A       1%          3
 Sigil of Binding         Hex            46%        N/A       1%          3
 Stone Arrow              Conj/Erth      100%       3d13      1%          3
 Summon Ice Beast         Ice/Summ       46%        N/A       1%          3
 Swiftness                Air            46%        N/A       1%          3
 Teleport Other           Tloc           62%        N/A       1%          3
 Volatile Blastmotes      Fire/Tloc      100%       2d18      1%          3
 Anguish                  Hex/Necr       44%        N/A       1%          4
 Animate Armour           Summ/Erth      100%       N/A       1%          4
 Brom's Barrelling Bould  Conj/Erth      83%        2d9       1%          4
 Flame Wave               Conj/Fire      100%       2d21      1%          4
 Fulminant Prism          Conj/Alch      41%        3d19      1%          4
 Ignite Poison            Fire/Alch      100%       N/A       1%          4
 Iskenderun's Mystic Bla  Conj/Tloc      73%        2d15      1%          4
 Leda's Liquefaction      Alch/Erth      41%        N/A       1%          4
 Manifold Assault         Tloc           62%        N/A       1%          4
 Martyr's Knell           Necr/Summ      89%        N/A       1%          4
 Passage of Golubria      Tloc           62%        N/A       1%          4
 Petrify                  Alch/Erth      83%        N/A       1%          4
 Sticky Flame             Fire/Alch      100%       2d15      1%          4
 Alistair's Intoxication  Alch           55%        N/A       1%          5
 Fireball                 Conj/Fire      50%        3d20      1%          5
 Plasma Beam              Fire/Air       44%        2x1d58    1%          6
 Starburst                Conj/Fire      50%        6d14      1%          6
 Borgnjor's Revivificati  Necr           58%        N/A       1%          8
 Vhi's Electric Charge    Tloc/Air       100%       N/A       3%          4
 Arcjolt                  Conj/Air       33%        1d43      3%          5
 Yara's Violent Unravell  Hex/Alch       33%        3d14      3%          5
 Eringya's Noxious Bog    Alch           41%        4d6       3%          6
 Freezing Cloud           Conj/Ice/Air   30%        6-21      5%          5
 Airstrike                Air            23%        2d(4-20)  6%          4
 Cause Fear               Hex            23%        N/A       6%          4
 Summon Lightning Spire   Summ/Air       46%        N/A       6%          4
 Summon Forest            Summ/Tloc      27%        N/A       9%          5
 Haunt                    Necr/Summ      44%        N/A       9%          7
 Metabolic Englaciation   Hex/Ice        23%        N/A       17%         5
 Silence                  Hex/Air        23%        N/A       17%         5
 Summon Mana Viper        Hex/Summ       46%        N/A       17%         5
 Death's Door             Necr           58%        N/A       17%         9
 Conjure Ball Lightning   Conj/Air       33%        3x3d11    19%         6
 Sculpt Simulacrum        Ice/Alch       33%        N/A       19%         6
 Dispersal                Tloc           31%        N/A       26%         6
 Summon Cactus Giant      Summ           23%        N/A       67%         6
 Lehudib's Crystal Spear  Conj/Erth      41%        10d10     83%         8
 Fire Storm               Conj/Fire      50%        8d13      94%         9
 Malign Gateway           Summ/Tloc      27%        N/A       95%         7
 Enfeeble                 Hex            23%        N/A       99%         7
 Monstrous Menagerie      Summ           23%        N/A       99%         7
 Ozocubu's Refrigeration  Ice            23%        4d12      99%         7
 Summon Hydra             Summ           23%        N/A       99%         7
 Discord                  Hex            23%        N/A       100%        8
 Disjunction              Tloc           31%        N/A       100%        8
 Maxwell's Capacitive Co  Air            23%        ∞         100%        8
 Polar Vortex             Ice            23%        12d3*     100%        9


Dungeon Overview and Level Annotations

Branches:
Dungeon (15/15)            Temple (0/1) D:5            Lair (5/5) D:11
  Swamp (4/4) Lair:2        Snake (4/4) Lair:3        Slime (5/5) Lair:5
    Orc (2/2) D:10            Elf (3/3) Orc:2        Vaults (5/5) D:13
  Crypt (0/3) Vaults:3     Depths (4/4) D:15            Zot (5/5) Depths:4
 Bailey (visited)           IceCv (visited)         Volcano (visited)
Gauntlet (visited)

Altars:
Dithmenos
Elyvilon
Fedhas
Hepliaklqana
Kikubaaqudgha
Makhleb
Nemelex Xobeh
Ru
Sif Muna
Trog
Uskayaw
Vehumet
Wu Jian
Xom
Yredelemnul
The Shining One
Beogh
Jiyva

Shops:
D:2 !   D:5 *   D:6 [:*?:   D:11 !?(   Orc:2 (![   Elf:1 !   Elf:2 :
Snake:3 *   Vaults:1 *   Vaults:2 :[:!   Vaults:4 =   Depths:2 ?

Portals:
Hell: Depths:1 Depths:2 Depths:3 Depths:4
Abyss: Depths:3
Pandemonium: Depths:2
Ziggurat: Depths:2

Annotations:
D:3 exclusion: 2 downstairs
D:4 exclusion: downstairs
D:5 exclusion: 2 downstairs
D:7 7 exclusions
Snake:2 exclusion: 2 downstairs
Elf:2 8 runed translucent doors
Vaults:1 8 exclusions
Vaults:3 1 runed translucent door
Zot:3 3 exclusions


Innate Abilities, Weirdness & Mutations

Your serpentine skin is tough. (AC +9)
You have supernaturally acute eyesight. (SInv)
Armour fits poorly on your strangely shaped body.
Your system is resistant to poisons. (rPois)
You cover ground very slowly.
You can spit poison.
You can use your snake-like lower body to constrict enemies.


Message History

Confirm with . or Enter, or press ? or * to list all spells.
Aiming: Lee's Rapid Deconstruction (mildly dangerous; 1% risk of failure)
Press: ? - help, Dir - move target A rock wall.
The wall shatters!
The blast of rock fragments hits the demonspawn blood saint!
The demonspawn blood saint is heavily wounded.
The zombie hands constrict the demonspawn blood saint!
The demonspawn blood saint escapes!
Casting: Lee's Rapid Deconstruction (mildly dangerous; 1% risk of failure)
Confirm with . or Enter, or press ? or * to list all spells.
Aiming: Lee's Rapid Deconstruction (mildly dangerous; 1% risk of failure)
Press: ? - help, Dir - move target A rock wall.
The wall shatters!
The blast of rock fragments hits the demonspawn blood saint!!
The demonspawn blood saint is almost dead.
You hear a shout!
Your death scarab closely misses the demonspawn blood saint.
The demonspawn blood saint calls on the powers of chaos!
Casting: Lee's Rapid Deconstruction (mildly dangerous; 1% risk of failure)
Confirm with . or Enter, or press ? or * to list all spells.
Aiming: Lee's Rapid Deconstruction (mildly dangerous; 1% risk of failure)
Press: ? - help, Dir - move target A rock wall.
The wall shatters!
The blast of rock fragments hits the demonspawn blood saint!!
You kill the demonspawn blood saint!
Kikubaaqudgha accepts your kill.
A death scarab bursts from the demonspawn blood saint!
There is an open door here.
HP restored.
You see here a +0 short sword.
A demonspawn warmonger comes into view.
It is wielding a +0 demon trident of freezing, wearing a +1 plate armour of willpower and wearing a +2 tower shield of fire resistance.
Blink to where?
Press: ? - help, Dir - move target
As you read the scroll of blinking {@r4}, it crumbles to dust.
Unknown command.
Unknown command.
You have escaped!

#.##.#......##.....##.....#
#.##.#.#.....#######.....##
..##...##.....##
##.....#########
........##.....###.....##
#......
.)÷.....###÷....#.....##
#.#####
......÷.####÷........## #.#
........'..##..ß.>..##
#.#####
....#...##.###.....######
#...... #..###..##.#
##.@.##....# #######
##..#...##.# #BB.#..##.#
#.......##.# #..÷#..##.#
...#....##.#
#...#..##.#########
..###...##.#
#...#..##.#........ .##
##..##.#
#...#..##.#........
..###...##.#
#.).#####.#........
...#.#####.# #...#
#.#.>).....
#....#####.####...#
#.#........


You could see 2 friendly death scarabs.

Vanquished Creatures
  the Royal Jelly (Slime:5)
  3 dread liches (Zot:5)
  2 orbs of fire
  A pandemonium lord (Zot:4)
  Sojobo (Vaults:2)
  Bai Suzhen (Swamp:3)
  A Killer Klown (Zot:5)
  A curse toe (Zot:2)
  5 golden dragons
  Nikola (Swamp:3)
  the Enchantress (Depths:3)
  A bone dragon (Depths:4)
  An Ice Fiend (D:12)
  A walking earthen tome (Depths:3)
  2 liches
  A walking frostbound tome (Depths:4)
  A titan (Vaults:5)
  2 tentacled monstrosities
  4 quicksilver dragons
  9 Orb Guardians
  A deep elf master archer (Elf:3)
  An Executioner (D:1)
  2 sphinxes (Vaults:4)
  14 acid blobs
  2 death cobs (Zot:2)
  Roxanne (D:14)
  4 tengu reavers
  4 shadow dragons
  9 storm dragons
  2 nagarajas (Snake:4)
  3 draconian knights
  2 deep elf sorcerers
  5 draconian monks
  3 fire giants
  A rockslime (Slime:3)
  7 azure jellies
  A protean progenitor (Zot:3)
  2 frost giants
  2 draconian shifters
  3 iron dragons
  5 vault wardens
  An orc warlord (Bailey)
  4 angels (Zot:3)
  A draconian scorcher (Zot:2)
  3 ghost moths
  A ghoul (Swamp:3)
  8 quicksilver oozes
  2 spriggan defenders (Depths:3)
  2 demonspawn corrupters (Depths:2)
  5 ironbound preservers
  2 draconian stormcallers
  5 very ugly things
  5 stone giants
  A demonspawn blood saint (D:1)
  3 draconian annihilators
  3 eleionomae
  3 lorocyprocas
  2 white draconians
  A vampire knight (Depths:2)
  4 green draconians
  2 bunyips
  A deep elf death mage (Elf:1)
  4 red draconians
  2 dire elephants (Vaults:3)
  5 yellow draconians
  A minotaur (Gauntlet)
  A deep elf annihilator (Vaults:5)
  4 black draconians
  4 purple draconians
  A spark wasp (Depths:2)
  Snorg (D:13)
  Josephine (D:11)
  A fire dragon (Depths:3)
  2 ettins
  2 deep elf high priests
  24 vault guards
  Fannar (Lair:3)
  3 ice dragons
  4 rakshasas
  2 yaktaur captains
  4 hydras
  2 entropy weavers
  5 salamander tyrants
  5 spriggan air magi
  A catoblepas (Lair:5)
  5 anacondas
  3 great orbs of eyes
  Erolcha (D:13)
  4 boulder beetles
  3 two-headed ogres
  3 merfolk aquamancers (D:14)
  2 alligators
  6 dancing weapons
  5 centaur warriors
  7 ironbound frosthearts
  4 deep troll shamans
  A vampire mage (Depths:2)
  6 tengu warriors
  2 deep troll earth magi
  A two-headed ogre (shapeshifter) (Vaults:5)
  Urug (D:13)
  An occultist (Depths:2)
  2 orc high priests (Orc:2)
  6 naga warriors
  3 spriggan berserkers
  7 shock serpents
  6 death yaks (Lair:5)
  6 hell knights
  4 naga sharpshooters
  8 deep elf knights
  Sonja (Lair:4)
  3 salamander mystics
  A sea snake (Gauntlet)
  2 iron trolls (Depths:3)
  2 spectral spriggans (Swamp:1)
  3 goliath frogs
  A sixfirhy (Zot:2)
  6 bog bodies
  3 glowing orange brains
  An orb spider (D:13)
  2 deep trolls (shapeshifter)
  A spriggan druid (Swamp:4)
  A flayed ghost (Depths:2)
  19 deep trolls
  5 mana vipers
  A shadow demon (Depths:2)
  5 deep elf archers
  2 lindwurms (Vaults:2)
  2 swamp dragons
  An obsidian statue (Gauntlet)
  6 arcanists
  A shock serpent (shapeshifter) (Vaults:5)
  2 naga ritualists (Snake:3)
  2 thermic dynamos
  9 orc knights
  2 harpies (Vaults:2)
  3 ironbound convokers
  5 deep elf pyromancers
  10 deep elf zephyrmancers
  2 necromancers
  Maurice (D:7)
  10 ugly things
  A cyclops (shapeshifter) (D:14)
  An oklob plant (Lair:1)
  A shining eye (shapeshifter) (Depths:2)
  13 salamanders
  5 manticores
  10 moths of wrath
  3 elephants
  6 vault sentinels
  5 cyclopes
  2 eyes of devastation
  8 naga magi
  5 guardian serpents
  5 rust devils
  A meliai (D:15)
  13 black mambas
  A kobold blastminer (Orc:2)
  7 cane toads
  A smoke demon (D:9)
  A gargoyle (D:13)
  An unseen horror (D:13)
  3 orange demons (Orc:1)
  2 torpor snails
  A rime drake (IceCv)
  A tengu conjurer (D:14)
  2 efreet
  7 komodo dragons
  A kobold demonologist (D:12)
  A tormentor (Zot:2)
  2 freezing wraiths
  8 yaktaurs
  3 ice devils
  7 trolls
  3 tyrant leeches
  A glass eye (Depths:4)
  A tarantella (Gauntlet)
  5 hornets
  Prince Ribbit (D:8)
  16 blink frogs
  2 dream sheep (Lair:3)
  A jumping spider (Gauntlet)
  13 slime creatures
  3 air elementals
  6 spriggans
  3 fire bats (Depths:2)
  23 yaks
  A vampire (D:9)
  4 wraiths
  A wyvern (D:11)
  8 humans (D:13)
  4 water elementals
  6 vampire mosquitoes
  A chaos spawn (Zot:3)
  A hog (D:15)
  A warg (Orc:1)
  4 steam dragons
  A redback (shapeshifter) (Vaults:5)
  24 nagas
  3 acid dragons
  3 swamp worms
  A death drake simulacrum (Swamp:1)
  Duvessa (D:5)
  9 water moccasins
  2 ice beasts (D:6)
  2 black bears (D:11)
  A sky beast (D:10)
  36 orc warriors
  5 ogres
  14 wolves
  5 centaurs
  A phantom (D:5)
  A bullfrog (shapeshifter) (Elf:1)
  2 kobold brigands
  8 bullfrogs
  2 gnoll sergeants
  An earth elemental (Elf:3)
  6 scorpions
  5 wights
  A troll zombie (D:12)
  Dowan (D:5)
  4 killer bees
  An elephant simulacrum (IceCv)
  3 electric eels (D:11)
  3 howler monkeys (D:11)
  A bombardier beetle (D:4)
  A centaur zombie (D:14)
  4 hounds
  25 orc priests
  2 gnoll boudas
  4 iguanas
  19 orc wizards
  16 gnolls
  3 orc zombies (Bailey)
  10 adders
  3 white imps
  2 ufetubi (D:6)
  A ribbon worm (D:4)
  4 dart slugs
  61 orcs
  15 endoplasms
  8 goblins
  7 hobgoblins
  2 jackals (D:4)
  A quokka (D:3)
  13 ball pythons
  8 bats
  5 frilled lizards
  2 gnoll zombies (Bailey)
  16 kobolds
  9 rats
1090 creatures vanquished.

Vanquished Creatures (collateral kills)
  Dissolution (Slime:3)
  5 dread liches
  2 orbs of fire (Zot:5)
  3 ancient liches
  Frederick (Vaults:2)
  Tiamat (Zot:5)
  4 Killer Klowns
  7 golden dragons
  2 caustic shrikes (Depths:2)
  A curse toe (Zot:2)
  Margery (Vaults:2)
  A bone dragon (Depths:4)
  A hellephant (Vaults:2)
  3 electric golems
  2 walking crystal tomes (Depths:3)
  16 tentacled monstrosities
  A Hell Sentinel (Zot:4)
  Jorgrun (D:15)
  A walking earthen tome (Depths:2)
  4 quicksilver dragons
  2 titans
  17 Orb Guardians (Zot:5)
  3 deep elf master archers (Elf:3)
  4 deep elf blademasters
  A walking frostbound tome (Depths:3)
  4 sphinxes
  4 liches
  11 acid blobs
  Agnes (Snake:2)
  Frances (Swamp:2)
  4 death cobs
  2 thorn hunters (Swamp:4)
  The ghost of xzight the Severer, an adept MiBe of Trog (Swamp:1)
  10 shadow dragons
  10 storm dragons
  Kirke (D:15)
  4 tengu reavers
  A draconian monk (Zot:1)
  2 azure jellies (Slime:5)
  A nagaraja (Snake:4)
  5 fire giants
  7 rockslimes
  2 protean progenitors
  19 vault wardens
  A draconian knight (Zot:3)
  3 deep elf sorcerers (Elf:3)
  5 draconian scorchers
  9 frost giants
  3 draconian shifters
  3 iron dragons (Depths:2)
  A cacodemon (Zot:5)
  5 deep elf elementalists
  A reaper (Zot:5)
  A spriggan defender (Depths:3)
  19 ironbound preservers
  A draconian stormcaller (Zot:3)
  2 orc warlords
  3 ghouls
  4 draconian annihilators
  5 ironbound thunderhulks
  10 very ugly things
  4 formless jellyfish
  4 green draconians
  2 vampire knights
  7 stone giants
  2 eleionomae
  5 quicksilver oozes
  8 deep elf death magi
  2 deep elf demonologists
  4 black draconians
  2 purple draconians
  5 bunyips
  4 war gargoyles
  7 dire elephants
  6 spark wasps
  4 white draconians
  4 yellow draconians
  4 red draconians
  7 deep elf annihilators
  3 crystal guardians
  9 ettins
  2 merfolk impalers (Depths:1)
  A merfolk javelineer (Depths:4)
  8 yaktaur captains
  4 fire dragons
  3 entropy weavers
  A blizzard demon (Depths:4)
  2 deep elf high priests (Elf:3)
  2 spectral fenstrider witches (Swamp:1)
  3 peacekeepers
  7 great orbs of eyes
  12 vault guards
  16 hydras
  4 salamander tyrants
  A ghost crab (Swamp:3)
  3 spriggan air magi
  5 ice dragons
  3 ogre magi (Vaults:5)
  6 alligators
  A merfolk aquamancer (D:14)
  5 rakshasas
  4 anacondas
  2 catoblepae (Lair:5)
  3 centaur warriors
  5 death yaks (Lair:5)
  5 ironbound frosthearts
  3 deep troll shamans
  4 two-headed ogres (Vaults:5)
  17 dancing weapons
  A tengu warrior (Depths:1)
  A boulder beetle (Zot:3)
  5 deep troll earth magi
  3 orc high priests (Orc:2)
  9 naga warriors
  2 naga sharpshooters (Snake:3)
  4 spriggan berserkers
  A storm dragon zombie (Vaults:4)
  An occultist (Depths:1)
  4 hell knights
  7 shock serpents
  9 deep elf knights
  7 goliath frogs
  A sixfirhy (Zot:5)
  2 iron trolls
  6 spriggan druids
  4 salamander mystics
  58 deep trolls
  3 naga ritualists
  A flayed ghost (Vaults:5)
  2 sea snakes (shapeshifter)
  2 glowing orange brains
  14 slime creatures
  8 mana vipers
  6 arcanists
  6 bog bodies
  5 phantasmal warriors (Vaults:5)
  7 deep elf archers
  13 ironbound convokers
  9 swamp dragons (Swamp:4)
  2 necromancers
  2 lindwurms (Vaults:2)
  A thermic dynamo (Elf:1)
  20 deep elf zephyrmancers
  27 ugly things
  A glowing orange brain (shapeshifter) (Vaults:5)
  A fenstrider witch simulacrum (Swamp:1)
  6 harpies
  9 orc knights
  21 deep elf pyromancers
  4 shining eyes
  2 manticores
  2 spectral spriggans (Swamp:1)
  A shining eye (shapeshifter) (Depths:3)
  2 meliai (D:15)
  3 will-o-the-wisps
  17 moths of wrath
  Joseph (D:8)
  23 salamanders
  3 elephants (Lair:3)
  3 cyclopes
  22 black mambas
  6 guardian serpents
  A rust devil (Zot:4)
  6 cane toads
  12 naga magi
  3 orange demons
  3 smoke demons
  7 vault sentinels
  4 rime drakes
  3 komodo dragons
  38 yaktaurs
  A hellion (Zot:5)
  2 tengu conjurers
  An ice devil (D:10)
  3 trolls
  A polar bear (Lair:5)
  4 tyrant leeches
  A hornet (shapeshifter) (Vaults:5)
  A queen bee (shapeshifter) (Elf:1)
  2 hornets
  2 dream sheep (Lair:3)
  18 blink frogs
  An ettin zombie (Vaults:4)
  A glass eye (shapeshifter) (Depths:1)
  A snapping turtle (shapeshifter) (Depths:3)
  5 glass eyes
  A jumping spider (Vaults:1)
  10 yaks
  5 spriggans
  7 water elementals
  12 humans (D:13)
  A golden eye (Gauntlet)
  2 hogs (D:15)
  A warg (Vaults:5)
  3 fire bats (Depths:2)
  3 fire elementals
  Grum (Lair:1)
  6 redbacks
  A neqoxec (D:10)
  7 vampire mosquitoes
  19 nagas
  11 swamp worms
  A death drake simulacrum (Swamp:1)
  2 water moccasins
  8 swamp drakes
  9 orc warriors
  An ice beast (D:8)
  A human zombie (Vaults:4)
  An ogre (Vaults:5)
  4 centaurs (Volcano)
  8 wolves
  A phantom (D:7)
  3 bullfrogs
  A human skeleton (Vaults:4)
  2 scorpions (Orc:1)
  2 killer bees (D:7)
  A hound (D:6)
  2 jellies
  6 orc priests
  3 orc wizards
  2 wolf simulacra (IceCv)
  6 gnolls
  22 orcs
  A hobgoblin (Bailey)
  9 kobolds
  An aspiring flesh (Zot:3)
1164 creatures vanquished.

Vanquished Creatures (others)
  A golden dragon (Zot:5)
  A sphinx (Vaults:2)
  3 acid blobs (Slime:5)
  A tengu reaver (Vaults:5)
  4 shadow dragons
  An azure jelly (Slime:5)
  2 draconian monks
  2 storm dragons (Zot:5)
  2 rockslimes (Slime:5)
  A draconian knight (Zot:5)
  2 frost giants (Depths:1)
  3 draconian shifters
  An emperor scorpion (Gauntlet)
  2 vault wardens
  2 draconian annihilators (Zot:2)
  2 quicksilver oozes (Slime:3)
  2 stone giants
  A deep elf demonologist (Vaults:2)
  An eleionoma (Swamp:3)
  A green draconian (Zot:1)
  A black draconian (Zot:5)
  A white draconian (Zot:5)
  A red draconian (Zot:5)
  2 dire elephants
  A deep elf annihilator (Elf:3)
  2 yellow draconians (Zot:5)
  An acid blob zombie (Slime:5)
  2 fire dragons
  3 ettins
  A great orb of eyes (Vaults:5)
  An entropy weaver (Gauntlet)
  An ice dragon (Depths:3)
  2 spriggan air magi (Swamp:4)
  A salamander tyrant (Snake:2)
  An ironbound frostheart (Vaults:2)
  A centaur warrior (D:15)
  An anaconda (Snake:2)
  2 tengu warriors (Depths:2)
  A naga warrior (Snake:3)
  A naga sharpshooter (Snake:2)
  A storm dragon zombie (Depths:3)
  5 deep elf knights
  An anaconda zombie (Snake:2)
  A mana viper (Snake:2)
  An orb spider (Gauntlet)
  5 spriggan zombies
  2 swamp dragons
  5 lindwurms
  2 tengu zombies (Vaults:2)
  3 deep elf archers
  3 goliath frog zombies
  9 deep elf zephyrmancers
  An ironbound convoker (Vaults:2)
  A shadow dragon zombie (Zot:5)
  7 deep elf pyromancers (Elf:3)
  A fire giant zombie (Depths:3)
  5 salamanders
  A manticore (D:14)
  A will-o-the-wisp (Swamp:3)
  A wolf spider (D:15)
  An ugly thing zombie (D:13)
  A cyclops (D:13)
  11 moths of wrath
  4 black mambas
  2 mana viper zombies
  8 shock serpent zombies
  2 naga magi
  A merfolk zombie (D:14)
  A green draconian zombie (Zot:5)
  2 swamp worm zombies (Swamp:2)
  A death yak zombie (Lair:5)
  3 yaktaurs
  An unseen horror zombie (D:13)
  An orb spider zombie (Gauntlet)
  A rime drake (IceCv)
  A bloated husk (Swamp:4)
  A hydra zombie (Swamp:4)
  A tarantella (Gauntlet)
  A boulder beetle zombie (D:13)
  A jumping spider zombie (Gauntlet)
  A tarantella zombie (Gauntlet)
  An ice dragon zombie (Depths:3)
  2 guardian serpent zombies (Snake:3)
  A fire dragon zombie (Depths:3)
  A culicivora zombie (Gauntlet)
  3 ettin zombies
  3 slime creatures
  A culicivora (Gauntlet)
  12 black mamba zombies
  3 elf zombies
  A naga (Snake:4)
  2 deep troll zombies
  3 fire bat zombies (Depths:2)
  18 human zombies
  An entropy weaver zombie (Gauntlet)
  2 ice beasts (IceCv)
  4 orc warriors (Bailey)
  2 sky beasts (D:10)
  2 hornet zombies
  An ogre (Vaults:5)
  A swamp dragon zombie (Gauntlet)
  4 blink frog zombies
  A komodo dragon zombie (Lair:3)
  15 salamander zombies
  3 yaktaur zombies
  A bullfrog (D:7)
  A gnoll sergeant (D:14)
  A warg zombie (Orc:1)
  3 cyclops zombies
  A water moccasin zombie (D:6)
  A killer bee (D:10)
  2 wolf zombies (Lair:1)
  3 bullfrog zombies
  5 centaur zombies
  An iguana (D:15)
  2 orc wizards
  A scorpion zombie (Orc:1)
  4 killer bee zombies
  30 naga zombies
  3 ogre zombies
  A hound zombie (D:6)
  5 gnolls (Bailey)
  2 adders
  A swamp drake zombie (Swamp:4)
  An iguana zombie (D:6)
  2 adder zombies
  5 orcs
  2 endoplasms
  A goblin (D:5)
  A quokka (D:14)
  A ball python (D:10)
  A ball python zombie (D:5)
  13 gnoll zombies
  3 hobgoblin zombies (Bailey)
  6 kobold zombies (Bailey)
  42 orc zombies
  A quokka zombie (D:14)
  11 foxfires
409 creatures vanquished.

Grand Total: 2663 creatures vanquished

Notes
Turn   | Place    | Note
-------+----------+-------------------------------------------
     0 | D:1      | Sergey the Naga Warper began the quest for the Orb.
     0 | D:1      | Reached XP level 1. HP: 19/19 MP: 3/3
    60 | D:1      | Reached skill level 1 in Stealth
   463 | D:1      | Reached XP level 2. HP: 26/26 MP: 5/5
   467 | D:1      | Learned a level 2 spell: Blink
   810 | D:1      | Found a faded altar of an unknown god.
   891 | D:1      | Prayed at the altar of an unknown god.
   891 | D:1      | Became a worshipper of Kikubaaqudgha
   891 | D:1      | Reached * piety under Kikubaaqudgha
   891 | D:1      | Received a gift from Kikubaaqudgha
   951 | D:1      | Reached XP level 3. HP: 32/32 MP: 6/6
  1623 | D:2      | Found Suisero's Distillery.
  1628 | D:2      | Bought a potion of curing for 42 gold pieces
  1628 | D:2      | Bought a potion of degeneration for 14 gold pieces
  1851 | D:2      | Reached skill level 5 in Stealth
  1853 | D:2      | Learned a level 1 spell: Kiss of Death
  1932 | D:2      | Reached skill level 1 in Necromancy
  2099 | D:2      | Reached ** piety under Kikubaaqudgha
  2181 | D:2      | Reached XP level 4. HP: 35/39 MP: 7/7
  2788 | D:2      | Bought a potion of heal wounds for 70 gold pieces
  2912 | D:3      | Learned a level 3 spell: Vampiric Draining
  2996 | D:3      | Found a radiant altar of Vehumet.
  3053 | D:3      | Found a basalt altar of Yredelemnul.
  3374 | D:3      | Found a faded altar of an unknown god.
  3374 | D:3      | Found the Hermit's Pendant {Faith Invo=14 Evo=0 MP+5}
  3550 | D:4      | Noticed a scorpion
  3988 | D:3      | Killed a scorpion
  3989 | D:3      | Reached skill level 1 in Evocations
  3989 | D:3      | Reached XP level 5. HP: 33/45 MP: 1/8
  4331 | D:4      | Identified the +1 helmet of the Loofah {rC+ Dex+3}
  4876 | D:4      | Reached XP level 6. HP: 52/52 MP: 9/9
  5319 | D:5      | Entered Level 5 of the Dungeon
  5407 | D:5      | Found a staircase to the Ecumenical Temple.
  5492 | D:4      | Reached skill level 5 in Necromancy
  5540 | D:5      | Noticed a water moccasin
  5672 | D:5      | Found Ughiwam's General Store.
  5680 | D:5      | Bought a potion of might for 44 gold pieces
  5680 | D:5      | Bought a scroll of identify for 22 gold pieces
  5680 | D:5      | Bought a scroll of identify for 22 gold pieces
  5680 | D:5      | Bought a scroll of identify for 22 gold pieces
  5917 | D:5      | Learned a level 4 spell: Animate Dead
  5934 | D:5      | Found a glowing golden altar of the Shining One.
  5952 | D:5      | Found a bloodstained altar of Trog.
  5980 | D:5      | Reached XP level 7. HP: 48/61 MP: 10/10
  6305 | D:5      | Reached skill level 3 in Spellcasting
  6601 | D:5      | Bought a wand of roots (5) for 132 gold pieces
  6956 | D:6      | Noticed Duvessa
  6956 | D:6      | Noticed Dowan
  6980 | D:6      | Found Rijehoes's Book Shop.
  7209 | D:6      | Reached XP level 8. HP: 69/69 MP: 3/12
  7391 | D:5      | Killed Duvessa
  7396 | D:5      | Killed Dowan
  7534 | D:6      | Reached skill level 5 in Fighting
  7644 | D:6      | Reached XP level 9. HP: 74/81 MP: 13/13
  7727 | D:5      | Reached *** piety under Kikubaaqudgha
  7727 | D:5      | Received a gift from Kikubaaqudgha
  8107 | D:6      | Found Mymeoq's Book Emporium.
  8110 | D:6      | Found a transporter.
  8116 | D:6      | Found Zeuput's Magic Scroll Emporium.
  8161 | D:7      | Noticed Maurice
  8168 | D:7      | Maurice stole a +1 spear of freezing
  8171 | D:7      | Maurice stole 42 stones
  8180 | D:7      | Killed Maurice
  8181 | D:7      | Reached skill level 4 in Spellcasting
  8329 | D:7      | Reached skill level 5 in Spellcasting
  8369 | D:7      | Identified the +2 trident of the Telling Madman {flame,
                  | ^Drain Str+4}
  8439 | D:7      | Learned a level 5 spell: Borgnjor's Vile Clutch
  8457 | D:7      | Found a flagged portal.
  8466 | Bailey   | Entered a bailey
  8499 | Bailey   | Noticed an orc warlord
  8512 | Bailey   | Reached skill level 1 in Earth Magic
  8662 | Bailey   | Reached XP level 10. HP: 53/88 MP: 0/17
  8793 | Bailey   | Acquired 527 gold pieces
  8826 | Bailey   | Found a runed translucent gate.
  8828 | Bailey   | Found a runed translucent gate.
  8830 | Bailey   | Found a runed translucent gate.
  9012 | Bailey   | Killed an orc warlord
  9115 | Bailey   | Identified the +5 ring mail "Eriungah" {Str+3 Dex+2 Stlth-}
  9230 | D:7      | Acquired a +2 barding of flying
  9794 | D:8      | Reached skill level 5 in Earth Magic
 10057 | D:8      | Found a sparkling altar of Nemelex Xobeh.
 10108 | D:8      | Reached skill level 6 in Spellcasting
 10139 | D:8      | Found an ancient bone altar of Kikubaaqudgha.
 10203 | D:8      | Noticed Joseph
 10217 | D:8      | Killed Joseph
 10218 | D:8      | Reached skill level 10 in Necromancy
 10271 | D:8      | Found a sacrificial altar of Ru.
 10300 | D:8      | Noticed Prince Ribbit
 10312 | D:8      | Killed Prince Ribbit
 10847 | D:9      | Reached skill level 7 in Spellcasting
 11082 | D:9      | Found a shimmering blue altar of Sif Muna.
 11082 | D:9      | Found a burning altar of Makhleb.
 11475 | D:9      | Reached skill level 8 in Spellcasting
 11479 | D:9      | Reached XP level 11. HP: 86/96 MP: 5/23
 11656 | D:10     | Entered Level 10 of the Dungeon
 12016 | D:6      | Found Puli's General Store.
 12020 | D:6      | Bought a scroll of identify for 28 gold pieces
 12020 | D:6      | Bought a sack of spiders for 560 gold pieces
 12024 | D:6      | Found a transporter.
 12241 | D:6      | Learned a level 4 spell: Dispel Undead
 12338 | D:6      | Found Takut's Armour Boutique.
 12428 | D:6      | Bought a scroll of teleportation for 33 gold pieces
 12428 | D:6      | Bought a scroll of teleportation for 33 gold pieces
 12428 | D:6      | Bought a scroll of poison for 44 gold pieces
 12428 | D:6      | Bought a scroll of identify for 22 gold pieces
 12428 | D:6      | Bought a scroll of identify for 22 gold pieces
 12430 | D:6      | Bought a scroll of enchant weapon for 82 gold pieces
 12434 | D:6      | Bought a scroll of fear for 44 gold pieces
 12859 | D:10     | Found a hazy altar of Hepliaklqana.
 12862 | D:10     | Found a shadowy altar of Dithmenos.
 13193 | D:10     | Noticed a two-headed ogre
 13205 | D:10     | Learned a level 5 spell: Lee's Rapid Deconstruction
 13216 | D:10     | Killed a two-headed ogre
 13217 | D:10     | Reached skill level 5 in Short Blades
 13381 | D:10     | Found a staircase to the Orcish Mines.
 13489 | D:11     | Found Veosses's Weapon Boutique.
 13498 | D:11     | Noticed a cyclops
 13565 | D:11     | Killed a cyclops
 13637 | D:11     | Noticed a cyclops
 13645 | D:11     | Killed a cyclops
 13939 | D:11     | Noticed Josephine
 14094 | D:11     | Killed Josephine
 14186 | D:11     | Found a staircase to the Lair.
 14263 | D:11     | Found Pyfrimuo's Magic Scroll Shop.
 14266 | D:11     | Bought a scroll of fear for 68 gold pieces
 14266 | D:11     | Bought a scroll of fear for 68 gold pieces
 14364 | D:11     | Reached skill level 5 in Evocations
 14942 | D:11     | Found Ara Qya's Distillery.
 15010 | Lair:1   | Entered Level 1 of the Lair of Beasts
 15050 | Lair:1   | Found a gate leading to a gauntlet.
 15059 | Gauntlet | Entered a Gauntlet
 15059 | Gauntlet | Noticed a necromancer
 15059 | Gauntlet | Found a transporter.
 15059 | Gauntlet | Found a transporter.
 15059 | Gauntlet | Found a transporter.
 15079 | Gauntlet | Noticed a shining eye
 15090 | Gauntlet | Found a transporter.
 15093 | Gauntlet | Found a transporter.
 15101 | Gauntlet | Found a transporter.
 15104 | Gauntlet | Found a transporter.
 15112 | Gauntlet | Noticed an obsidian statue
 15114 | Gauntlet | Found a transporter.
 15132 | Gauntlet | Found a transporter.
 15150 | Gauntlet | Found a transporter.
 15154 | Gauntlet | Found a transporter.
 15158 | Gauntlet | Noticed a shining eye
 15164 | Gauntlet | Found a transporter.
 15331 | Gauntlet | Killed a shining eye
 15336 | Gauntlet | Identified the +2 helmet of the Guild-Master {rElec rF+
                  | Stlth+}
 15384 | Gauntlet | Reached XP level 12. HP: 88/109 MP: 12/24
 15467 | Gauntlet | Identified the +0 helmet "Oloorhaz" {rElec}
 15479 | Gauntlet | Noticed a deep elf knight
 15996 | Gauntlet | Noticed a minotaur
 16012 | Gauntlet | Killed a minotaur
 16229 | Lair:1   | Noticed Grum
 16236 | Lair:1   | Killed Grum
 16773 | Lair:1   | Reached skill level 9 in Spellcasting
 16922 | Lair:1   | Noticed a boulder beetle
 16934 | Lair:1   | Killed a boulder beetle
 17054 | Lair:1   | Learned a level 6 spell: Death Channel
 17996 | Lair:2   | Reached skill level 10 in Spellcasting
 18113 | Lair:2   | Found a staircase to the Swamp.
 18390 | Lair:2   | You are sucked into a shaft and drop 2 floors!
 18459 | Lair:4   | Noticed Sonja
 18463 | Lair:4   | Killed Sonja
 18466 | Lair:4   | Gained mutation: You can use your snake-like lower body to
                  | constrict enemies. [Naga growth]
 18466 | Lair:4   | Reached XP level 13. HP: 106/115 MP: 14/27
 18741 | Lair:4   | Reached skill level 11 in Spellcasting
 19826 | Lair:3   | Found a staircase to the Snake Pit.
 20163 | Lair:3   | Noticed Fannar
 20172 | Lair:3   | Killed Fannar
 20767 | Lair:3   | Reached skill level 12 in Spellcasting
 21531 | Lair:2   | Paralysed by a hornet for 2 turns
 21542 | Lair:2   | Reached skill level 1 in Shields
 22036 | Lair:5   | Entered Level 5 of the Lair of Beasts
 22137 | Lair:5   | Reached XP level 14. HP: 92/123 MP: 0/30
 22138 | Lair:5   | Reached skill level 5 in Shields
 22295 | Lair:5   | Found a viscous altar of Jiyva.
 22305 | Lair:5   | Found a staircase to the Slime Pits.
 22865 | Lair:5   | Reached **** piety under Kikubaaqudgha
 23052 | Lair:5   | Reached skill level 5 in Dodging
 24267 | D:12     | Found a portal to a secret trove of treasure.
 24824 | D:13     | Noticed Urug
 24834 | D:13     | Killed Urug
 24899 | D:13     | Learned a level 2 spell: Sublimation of Blood
 25060 | D:13     | Noticed Erolcha
 25070 | D:13     | Killed Erolcha
 25071 | D:13     | Reached XP level 15. HP: 125/134 MP: 25/31
 25248 | D:13     | Noticed Nessos
 25250 | D:13     | Noticed Snorg
 25267 | D:13     | Killed Snorg
 25271 | D:13     | Nessos changed into Nessos the orb spider
 25271 | D:13     | Noticed Nessos
 25275 | D:13     | Killed Nessos the orb spider
 25851 | D:13     | Reached skill level 13 in Spellcasting
 25999 | D:13     | Found a gate to the Vaults.
 26621 | D:14     | Noticed Roxanne
 26864 | D:14     | Killed Roxanne
 27221 | D:14     | Reached skill level 10 in Fighting
 28335 | Orc:1    | Entered Level 1 of the Orcish Mines
 28440 | Orc:1    | Found a dark tunnel.
 28445 | Volcano  | Entered a volcano
 28555 | Volcano  | Found a radiant altar of Vehumet.
 28590 | Volcano  | Reached skill level 14 in Spellcasting
 28845 | Orc:1    | Found a frozen archway.
 28874 | IceCv    | Entered an ice cave
 29020 | IceCv    | Found a transporter.
 29027 | IceCv    | Found a transporter.
 29288 | Orc:1    | Found a roughly hewn altar of Beogh.
 29435 | Orc:1    | Reached skill level 1 in Maces & Flails
 29822 | Orc:2    | Entered Level 2 of the Orcish Mines
 30499 | Orc:2    | Reached ***** piety under Kikubaaqudgha
 30741 | Orc:2    | Found Ekirhug's Armour Boutique.
 30741 | Orc:2    | Found Aropec's Antique Weapon Boutique.
 30742 | Orc:2    | Found Eblushuu's Antique Armour Boutique.
 30742 | Orc:2    | Found Luzyttypn's Distillery.
 30865 | Orc:2    | Found a roughly hewn altar of Beogh.
 30941 | Orc:2    | Found a staircase to the Elven Halls.
 31301 | D:6      | Bought the +12 plate armour of Jouwev {rC+ Str+2} for 1411
                  | gold pieces
 31443 | D:12     | You paid a toll of the plate armour of Jouwev to enter a
                  | treasure trove
 31444 | Trove    | Entered a treasure trove
 31444 | Trove    | Found the +10 tower shield of Ignorance {rN+ Int-4}
 31446 | Trove    | Identified the +4 buckler of Faihei {*Corrode rN+ Int+7}
 31459 | Trove    | Identified the +2 hat "Fiseolapt" {rPois Dex+3 SInv}
 31460 | Trove    | Identified the +1 hat of Dagaptyug {rF+ Dex+3}
 31477 | Trove    | Identified the amulet "Gitaff" {rPois rC- RegenMP+ Slay+2}
 31495 | Trove    | Identified the ring "Utrenlin" {Int+3 Dex+6}
 31508 | Trove    | Identified the ring "Isem" {rC++ MP+9 AC+4 Str-2}
 31525 | Trove    | Identified the ring of the Piercing Gods {MP+9 Int+6}
 31531 | Trove    | Identified the ring "Puptaowk" {Wiz rC- Int+2 Dex+2 Stlth+}
 31612 | D:15     | Entered Level 15 of the Dungeon
 31660 | D:15     | Reached XP level 16. HP: 137/146 MP: 34/34
 31734 | D:15     | Found a hazy altar of Hepliaklqana.
 31755 | D:15     | Reached skill level 5 in Maces & Flails
 31870 | D:15     | Noticed Kirke
 31873 | D:15     | Noticed a sphinx
 31874 | D:15     | Noticed Jorgrun
 31880 | D:15     | Reached skill level 15 in Spellcasting
 31891 | D:15     | Killed Kirke
 31891 | D:15     | Killed Jorgrun
 32519 | D:15     | Learned a level 6 spell: Bombard
 32550 | D:15     | Found a staircase to the Depths.
 32790 | Snake:1  | Entered Level 1 of the Snake Pit
 32801 | Snake:1  | Reached skill level 1 in Conjurations
 33907 | Snake:2  | Reached skill level 5 in Conjurations
 34523 | Snake:2  | Noticed Agnes
 34528 | Snake:2  | Killed Agnes
 34529 | Snake:2  | Reached skill level 15 in Necromancy
 34529 | Snake:2  | Reached XP level 17. HP: 138/153 MP: 15/36
 34694 | Snake:2  | Identified the +9 hand axe of the Mind {protect, Will+
                  | Dex+3}
 34777 | Snake:2  | Your ally Agnes died
 35344 | Snake:3  | Found Vaetomy's General Store.
 36183 | Snake:4  | Entered Level 4 of the Snake Pit
 37463 | D:6      | Bought the Meditations on the Pyromaniac and Mortality for
                  | 506 gold pieces
 37472 | D:6      | Learned a level 8 spell: Infestation
 37758 | Snake:4  | Reached XP level 18. HP: 160/160 MP: 37/37
 37839 | Snake:4  | Noticed a quicksilver dragon
 37853 | Snake:4  | Killed a quicksilver dragon
 37887 | Snake:4  | Got a serpentine rune of Zot
 38545 | Swamp:1  | Entered Level 1 of the Swamp
 38597 | Swamp:1  | Found a blossoming altar of Fedhas.
 38658 | Swamp:1  | Found a runed translucent gate.
 38658 | Swamp:1  | Found a runed translucent gate.
 38658 | Swamp:1  | Found a runed translucent gate.
 38663 | Swamp:1  | Noticed xzight's ghost (adept MiBe)
 38685 | Swamp:1  | Killed xzight's ghost
 39628 | Swamp:2  | Noticed Frances
 39641 | Swamp:2  | Killed Frances
 39642 | Swamp:2  | Reached skill level 16 in Spellcasting
 39845 | Swamp:3  | Noticed Bai Suzhen
 39899 | Swamp:3  | Noticed Nikola
 39919 | Swamp:3  | Killed Nikola
 40226 | Swamp:3  | Killed Bai Suzhen
 40584 | Swamp:3  | Identified the +0 leather armour of the Eight Boll Weevils
                  | {Fly Will+ rCorr SInv}
 40678 | Swamp:4  | Entered Level 4 of the Swamp
 40728 | Swamp:4  | Reached XP level 19. HP: 175/175 MP: 22/39
 40743 | Swamp:4  | Reached ****** piety under Kikubaaqudgha
 40750 | Swamp:4  | Reached skill level 17 in Spellcasting
 40801 | Swamp:4  | Got a decaying rune of Zot
 40968 | Swamp:4  | Identified the blade talisman "Suguam" {*Slow rPois Str+7}
 41021 | Swamp:4  | Reached skill level 18 in Spellcasting
 41122 | Swamp:4  | Reached skill level 1 in Armour
 41520 | Vaults:1 | Entered Level 1 of the Vaults
 41525 | Vaults:1 | Identified a +7 demon whip of pain (a +5 demon whip of
                  | flaming bloodied by Kikubaaqudgha)
 41525 | Vaults:1 | Received a gift from Kikubaaqudgha
 41770 | Vaults:1 | Found Ringuj's General Store.
 41921 | Vaults:1 | Found a flickering gateway to a bazaar.
 41930 | Bazaar   | Entered a bazaar
 42040 | Bazaar   | Found Gited's Antique Armour Boutique.
 42051 | Bazaar   | Found Hylamm's Antique Weapon Shoppe.
 42059 | Bazaar   | Found Voijit's Distillery.
 42070 | Bazaar   | Found Gickocva's Jewellery Boutique.
 42081 | Bazaar   | Found Xaduhil's General Store.
 42102 | Bazaar   | Bought the amulet of Lonum {^Drain rC+ Regen+ rCorr Dex+2}
                  | for 530 gold pieces
 42140 | Bazaar   | Bought a transparent leather armour for 266 gold pieces
 42140 | Bazaar   | Identified the +0 leather armour of the Everdark {rElec
                  | SInv} (You bought it in a shop in a bazaar)
 42154 | Bazaar   | Bought a potion of brilliance for 36 gold pieces
 42154 | Bazaar   | Bought a potion of magic for 72 gold pieces
 42425 | Vaults:1 | Reached XP level 20. HP: 152/186 MP: 13/42
 43004 | Vaults:2 | Found Nirhira's Book Emporium.
 43075 | Vaults:2 | Identified the +3 double sword of Valiance {flame, rCorr
                  | Dex+4}
 43134 | Vaults:2 | Found Uraloddui's Armour Shop.
 43136 | Vaults:2 | Found Qaotsia's Antique Weapon Shop.
 43173 | Vaults:2 | Reached skill level 5 in Armour
 43419 | Vaults:2 | Found Nekia's Book Emporium.
 43483 | Vaults:2 | Identified the orb of Azi Kett {*channel, Fly rElec rC+
                  | Slay+3}
 43483 | Vaults:2 | Noticed Frederick
 43572 | Vaults:2 | Noticed Margery
 43577 | Vaults:2 | Noticed a hellephant
 43791 | Vaults:2 | Noticed Sojobo
 43820 | Vaults:2 | Killed Sojobo
 43831 | Vaults:2 | Killed Margery
 43836 | Vaults:2 | Found Wovytim's Distillery.
 43865 | Vaults:2 | Killed a hellephant
 43911 | Vaults:2 | Reached skill level 10 in Maces & Flails
 44479 | Vaults:2 | Killed Frederick
 44965 | Vaults:3 | Found a staircase to the Crypt.
 44965 | Vaults:3 | Found a basalt altar of Yredelemnul.
 44966 | Vaults:3 | Found an ancient bone altar of Kikubaaqudgha.
 45065 | Vaults:3 | Reached skill level 1 in Fire Magic
 45141 | Vaults:3 | Reached XP level 21. HP: 198/198 MP: 43/43
 45157 | Vaults:3 | Learned a level 8 spell: Ignition
 45832 | Vaults:3 | Found a runed translucent door.
 46147 | Vaults:4 | Reached skill level 5 in Fire Magic
 46729 | Vaults:4 | Identified the +0 chain mail of Beogh's Generosity {Dex+8
                  | Stlth+}
 46867 | Vaults:4 | Identified the +11 plate armour of Wepuskok {rElec rN+
                  | Int+4}
 46873 | Vaults:4 | Found Tahoesiy's Jewellery Boutique.
 47609 | Elf:1    | Entered Level 1 of the Elven Halls
 47624 | Elf:1    | Reached skill level 10 in Armour
 48145 | Elf:1    | Found Liokk's Distillery.
 48744 | Elf:2    | Reached XP level 22. HP: 105/206 MP: 28/44
 48954 | Elf:2    | Found a runed translucent gate.
 48954 | Elf:2    | Found a runed translucent gate.
 48954 | Elf:2    | Found a runed translucent gate.
 49004 | Elf:2    | Reached skill level 10 in Fire Magic
 49346 | Elf:2    | Paralysed by an air elemental for 1 turns
 49438 | Elf:2    | Found Poqudghu's Book Shop.
 49546 | Elf:2    | Found a huge runed translucent gate.
 49546 | Elf:2    | Found a huge runed translucent gate.
 49546 | Elf:2    | Found a huge runed translucent gate.
 49546 | Elf:2    | Found a huge runed translucent gate.
 49547 | Elf:2    | Found a huge runed translucent gate.
 49547 | Elf:2    | Found a huge runed translucent gate.
 49547 | Elf:2    | Found a huge runed translucent gate.
 49548 | Elf:2    | Found a huge runed translucent gate.
 49660 | Elf:2    | Identified the +11 double sword "Muaresin" {elec, rPois
                  | rCorr}
 49702 | Elf:3    | Entered Level 3 of the Elven Halls
 49963 | Elf:3    | Identified the +1 chain mail of Inaction {rPois}
 49971 | Elf:3    | Identified the ring "Earthly Heaven" {rPois Str+5 Int+2
                  | SInv}
 49986 | Elf:3    | Identified the +1 dire flail "Xulut" {freeze, Will- Dex+5}
 49986 | Elf:3    | Identified the ring "Gaoponim" {rF+ Int+8}
 50010 | Elf:3    | Identified the +0 pair of gloves "Basecvie" {-Cast Fly rC+
                  | Stlth+}
 50015 | Elf:3    | Got the Guide on the Overhead Band
 50027 | Elf:3    | Identified the +5 spear of Wu Jian's Delight {spect,
                  | ^Contam rCorr Int+2 Dex+4}
 50028 | Elf:3    | Identified the +0 whip "Emnolo" {freeze, rPois rF+ Will+
                  | Dex+4}
 50029 | Elf:3    | Identified the staff "Guus" {rC+ rN+ Int-3 Conj}
 50189 | Elf:3    | Identified the +1 ring mail "Fenookk" {rC+ Dex+3}
 51225 | Depths:1 | Entered Level 1 of the Depths
 51240 | Depths:1 | Found a hide-covered altar of Uskayaw.
 51420 | Depths:1 | Reached skill level 15 in Fire Magic
 51422 | Depths:1 | Reached XP level 23. HP: 213/213 MP: 2/45
 51488 | Depths:1 | Found a gateway to Hell.
 51660 | Depths:1 | Identified the +0 spear of Courage {drain, Int+4}
 51793 | Depths:1 | Found an ornate altar of the Wu Jian Council.
 52088 | Depths:2 | Found Okuudeso's Magic Scroll Shop.
 52210 | Depths:2 | Found a one-way gateway to a ziggurat.
 52327 | Depths:2 | Bought a scroll of enchant armour for 105 gold pieces
 52441 | Depths:2 | Found a one-way gate leading to the halls of Pandemonium.
 52752 | Depths:2 | Identified the +1 dire flail "Ulliphats" {drain, Will+
                  | Dex+2}
 52972 | Depths:2 | Found a runed translucent door.
 52990 | Depths:2 | Found a runed translucent door.
 52992 | Depths:2 | Noticed a golden dragon
 52997 | Depths:2 | Noticed a golden dragon
 52998 | Depths:2 | Noticed a caustic shrike
 52998 | Depths:2 | Noticed a caustic shrike
 53008 | Depths:2 | Killed a caustic shrike
 53009 | Depths:2 | Killed a caustic shrike
 53011 | Depths:2 | Killed a golden dragon
 53011 | Depths:2 | Killed a golden dragon
 53021 | Depths:2 | Got the Secrets of the Missiles
 53157 | Depths:3 | Found a one-way gate to the infinite horrors of the Abyss.
 53159 | Depths:3 | Noticed the Enchantress
 53162 | Depths:3 | Killed the Enchantress
 53358 | Depths:3 | Noticed a golden dragon
 53362 | Depths:3 | Killed a golden dragon
 53377 | Depths:3 | Noticed a golden dragon
 53380 | Depths:3 | Killed a golden dragon
 53518 | Depths:3 | Reached XP level 24. HP: 139/222 MP: 8/45
 54413 | Depths:4 | Entered Level 4 of the Depths
 54580 | Depths:4 | Acquired 435 gold pieces
 54604 | Depths:4 | Found Guota's Distillery.
 54614 | Depths:4 | Bought a potion of experience for 1200 gold pieces
 54614 | Depths:4 | Reached skill level 19 in Spellcasting
 54614 | Depths:4 | Reached XP level 25. HP: 198/229 MP: 46/46
 54615 | Depths:4 | Bought a potion of ambrosia for 192 gold pieces
 54615 | Depths:4 | Bought a potion of brilliance for 96 gold pieces
 54615 | Depths:4 | Bought 2 potions of heal wounds for 240 gold pieces
 54615 | Depths:4 | Bought 2 potions of curing for 144 gold pieces
 54615 | Depths:4 | Bought a potion of curing for 72 gold pieces
 54661 | Depths:4 | Found a gate to the Realm of Zot.
 55000 | Depths:4 | Found a white marble altar of Elyvilon.
 55042 | Depths:4 | Learned a level 5 spell: Irradiate
 55431 | Depths:4 | Reached skill level 1 in Alchemy
 55921 | Vaults:5 | Entered Level 5 of the Vaults
 55930 | Vaults:5 | Noticed a dread lich
 55934 | Vaults:5 | Killed a dread lich
 55942 | Vaults:5 | Reached skill level 5 in Alchemy
 55951 | Vaults:5 | Identified the ring "Moprail" {*Slow rPois AC+4 Dex+2}
 56004 | Vaults:5 | Reached XP level 26. HP: 162/237 MP: 46/46
 56014 | Vaults:5 | Identified the amulet of the Voivode {rF++ Regen+ rCorr
                  | Int-4 Dex-5}
 56047 | Vaults:5 | Reached skill level 20 in Spellcasting
 56058 | Vaults:5 | Noticed an ancient lich
 56068 | Vaults:5 | Killed an ancient lich
 56264 | Vaults:5 | Reached skill level 15 in Fighting
 56466 | Vaults:5 | Identified the amulet of Jugat {rPois RegenMP+ MP+9 Str-4}
 56467 | Vaults:5 | Identified the +2 robe of the Five Queens {Dex+3}
 56472 | Vaults:5 | Identified the ring of Pufux {rElec rN+ rCorr Int+3}
 56477 | Vaults:5 | Identified the +6 mace of Linearity {holy, *Rage +Blink
                  | rF++ Dex-5}
 56765 | Vaults:5 | Identified the +0 storm dragon scales of the Growing Knaves
                  | {rElec rN+ Str+3 Dex+3}
 56903 | Vaults:5 | Identified the ring "Jubahid" {rN+ Will- Str-5 Int+9
                  | Stlth+}
 56908 | Vaults:5 | Identified the +9 mace of Pelolox {freeze, Int+7 Dex+2}
 56990 | Vaults:5 | Got a silver rune of Zot
 57014 | Vaults:5 | Identified the ring "Soyhuyzu" {rN+ Str+6}
 57531 | Slime:1  | Entered Level 1 of the Pits of Slime
 57705 | Slime:3  | Noticed Dissolution
 57714 | Slime:3  | Killed Dissolution
 57715 | Slime:3  | Reached skill level 21 in Spellcasting
 57844 | Slime:5  | Entered Level 5 of the Pits of Slime
 57894 | Slime:5  | Noticed the Royal Jelly
 57898 | Slime:5  | Killed the Royal Jelly
 57911 | Slime:5  | Reached skill level 22 in Spellcasting
 58029 | Slime:5  | Got Yrchipuynu's Writings on Combat Magic and Austromancy
 58040 | Slime:5  | Got the Directory of Hurtful Anthracomancy
 58072 | Slime:5  | Identified the ring "Pacluapp" {rC+ EV+5}
 58136 | Slime:5  | Identified the +0 cloak "Awineali" {rF+ rC+ Dex+4 Stlth+}
 58166 | Slime:5  | Got a slimy rune of Zot
 58597 | Orc:2    | Bought a potion of curing for 30 gold pieces
 58597 | Orc:2    | Bought a potion of brilliance for 40 gold pieces
 58597 | Orc:2    | Bought 2 potions of curing for 60 gold pieces
 58597 | Orc:2    | Bought a potion of curing for 30 gold pieces
 58597 | Orc:2    | Bought a potion of mutation for 80 gold pieces
 58597 | Orc:2    | Bought a potion of might for 40 gold pieces
 58597 | Orc:2    | Bought a potion of magic for 80 gold pieces
 58925 | Vaults:2 | Bought a potion of brilliance for 56 gold pieces
 58925 | Vaults:2 | Bought a potion of curing for 42 gold pieces
 59211 | Elf:1    | Bought a potion of resistance for 160 gold pieces
 59211 | Elf:1    | Bought a potion of resistance for 160 gold pieces
 59211 | Elf:1    | Bought a potion of curing for 48 gold pieces
 59211 | Elf:1    | Bought a potion of heal wounds for 80 gold pieces
 59211 | Elf:1    | Bought a potion of cancellation for 128 gold pieces
 59211 | Elf:1    | Bought a potion of curing for 48 gold pieces
 59211 | Elf:1    | Bought 2 potions of curing for 96 gold pieces
 59211 | Elf:1    | Bought a potion of curing for 48 gold pieces
 59465 | Vaults:2 | Bought a Necronomicon for 702 gold pieces
 59767 | D:2      | Bought a potion of brilliance for 56 gold pieces
 60147 | Zot:1    | Entered Level 1 of the Realm of Zot
 60202 | Zot:1    | Reached XP level 27. HP: 243/249 MP: 7/49
 60225 | Zot:1    | Noticed an orb of fire
 60244 | Zot:1    | Killed an orb of fire
 60249 | Zot:1    | Noticed an orb of fire
 61854 | Zot:3    | You are sucked into a shaft and drop 1 floor!
 63060 | Zot:3    | Reached skill level 10 in Dodging
 63247 | Zot:3    | Found a shimmering altar of Xom.
 63849 | Zot:5    | Entered Level 5 of the Realm of Zot
 63884 | Zot:5    | Found the +4 dragonskin cloak
 63884 | Zot:5    | Noticed Tiamat
 63907 | Zot:5    | Killed Tiamat
 63931 | Zot:5    | Noticed an orb of fire
 63953 | Zot:5    | Noticed a dread lich
 63954 | Zot:5    | Killed an orb of fire
 63965 | Zot:5    | Killed a dread lich
 63966 | Zot:5    | Reached skill level 23 in Spellcasting
 63975 | Zot:5    | Noticed a dread lich
 63989 | Zot:5    | Killed a dread lich
 64016 | Zot:5    | Noticed a dread lich
 64019 | Zot:5    | Noticed a dread lich
 64026 | Zot:5    | Killed a dread lich
 64030 | Zot:5    | Killed a dread lich
 64050 | Zot:5    | Noticed an orb of fire
 64054 | Zot:5    | Noticed a dread lich
 64059 | Zot:5    | Noticed an orb of fire
 64061 | Zot:5    | Killed an orb of fire
 64062 | Zot:5    | Noticed an ancient lich
 64064 | Zot:5    | Noticed a dread lich
 64069 | Zot:5    | Killed a dread lich
 64070 | Zot:5    | Killed an orb of fire
 64070 | Zot:5    | Killed a dread lich
 64073 | Zot:5    | Killed an ancient lich
 64076 | Zot:5    | Noticed a dread lich
 64080 | Zot:5    | Killed a dread lich
 64084 | Zot:5    | Noticed an ancient lich
 64089 | Zot:5    | Killed an ancient lich
 64107 | Zot:5    | Got the Orb of Zot
 64205 | Zot:4    | Noticed Zoonelee the pandemonium lord
 64220 | Zot:4    | Killed Zoonelee the pandemonium lord
 64490 | D:14     | Noticed Takudeuw the pandemonium lord
 64593 | D:10     | Noticed Ytwom the pandemonium lord
 64738 | D:$      | Escaped with the Orb!

Illustrated notes

Levels and vault maps discovered:
D:1:      psy_arrival_spokes, layout_basic, nicolae_ecumenical_snake_handling
D:2:      layout_basic, serial_shops, shop, st_stairs_8,
          kennysheep_generic_room_11
D:3:      layout_basic, fiery_altar_vehumet, mainiacjoe_overflow_boulevard,
          hellmonk_guarded_unrand_hermit
D:4:      layout_cave_pools, minmay_statues_item
D:5:      nicolae_BIG_FREAKIN_CUBE, layout_basic, tso_altar,
          trog_three_pillars_becter, minmay_temple_entry_proselytizer,
          serial_glass, glass_columns_a, glass_columns_a, serial_shops,
          nicolae_square_shop
D:6:      layout_rooms, serial_shops, nicolae_take_the_stairs,
          nicolae_shop_drivethru, nicolae_shop_pleasant_corner_grove,
          nicolae_stop_n_shop_1, nicolae_shop_tiny_real_fake_doors,
          kennysheep_generic_room_5, uniq_duvessa
D:7:      layout_basic, enter_bailey_2, uniq_maurice
D:8:      layout_cave_pools, lemuel_crystal_altar, nicolae_ru_path_of_blood,
          nemelex_spade_bored_becter, hangedman_abyss_or_decor_slice,
          uniq_joseph, uniq_prince_ribbit1
D:9:      layout_cave_pods, gammafunk_temple_overflow_statue
D:10:     layout_basic, riverfiend_overflow_shadow_ancestor, orc_0_dummy,
          hangedman_misty_isle
D:11:     layout_basic, david_lair_generic, serial_shops, shop,
          nicolae_shop_window_shopping, nicolae_shop_rolled_up, uniq_josephine
D:12:     dreamdust_cave_troll, layout_gridville, nicolae_trove_entry_crossroad,
          minmay_misc_feat_more_columns
D:13:     layout_small_grid, grunt_vaults_entry_tiered, minmay_misc_feat_x,
          uniq_snorg, uniq_erolcha, uniq_nessos, uniq_urug
D:14:     layout_basic, nicolae_water_bricks, nicolae_splish_splash,
          uniq_roxanne
D:15:     grunt_enter_depths_snipers, layout_irregular_city, old_standard_altar,
          uniq_kirke, uniq_jorgrun
Lair:1:   wad_woods_structure_01, layout_regular_city, gauntlet_entry_generic,
          minmay_lair_oklob_bushes, st_stairs_13, uniq_grum
Lair:2:   layout_regular_city, skrybe_swamp_entry_bodies,
          chequers_serial_rivers_marsh, dreamdust_wasp_nest
Lair:3:   layout_cave_pods, minmay_snake_entry_guardpost_small,
          infiniplex_staircase_pool, uniq_fannar
Lair:4:   layout_layer_cave, grunt_megastairs_2, serial_bayou_shore_a,
          lemuel_fruit_fields, uniq_sonja
Lair:5:   evilmike_catoblepas_cave, layout_small_grid, slime_entry_1
Swamp:1:  layout_basic_swamp, gammafunk_ghost_necromancy,
          nicolae_swamp_godswood, infiniplex_staircase_pool_2
Swamp:2:  layout_falls_marsh, hangedman_swamp_ruin_wall, swamp_pool_1_2,
          uniq_frances
Swamp:3:  layout_falls_marsh, nicolae_swamp_dense_foliage, swamp_pool_1_2,
          uniq_bai_suzhen, uniq_nikola
Swamp:4:  swamp, layout_basic_swamp
Snake:1:  layout_honeycomb
Snake:2:  layout_layer_cave, uniq_agnes
Snake:3:  cheibrodos_snake_ritualist_ritual, layout_misc_corridors,
          serial_shops, shop, grunt_megastairs_5
Snake:4:  hellmonk_snake_rune_quicksilver_temple, layout_basic,
          hangedman_corner_corridor
Slime:1:  layout_caves
Slime:2:  layout_caves, cheibrodos_slime_lost_civilization_5
Slime:3:  layout_caves, dissolution_awaits
Slime:4:  layout_caves, basic_altar, cheibrodos_slime_lost_civilization_4
Slime:5:  slime_pit_nicolae_trefoil
Orc:1:    layout_caves, nicolae_volcano_entry_s_turn,
          portal_ice_cave_demonic_guard, basic_altar, einodemon_barbed_minivault
Orc:2:    st_orc_pillars, layout_diamond_mine, basic_altar
Elf:1:    eino_elf_arrival_the_gate, layout_loops_cross, serial_library,
          serial_library_regret_index_split_case,
          serial_library_regret_index_small_wings,
          serial_library_hellmonk_room_c, serial_library_hellmonk_room_a,
          serial_library_hellmonk_metal_room,
          serial_library_hellmonk_double_dead_end,
          serial_library_hellmonk_h_bend, serial_shops,
          nicolae_shop_industrial_runoff
Elf:2:    elven_hall_of_blades_hangedman_original [nicolae_blade_bullseye],
          layout_loops_cross, serial_shops, shop,
          nicolae_elf_double_double_double_trouble
Elf:3:    minmay_elf_hall_statues, layout_onion_city
Vaults:1: vaults_room_door_hall, vaults_standard_mumra_x,
          nicolae_vaults_doubleplus_tesselated, nicolae_vaults_little_squares_3,
          v_misc_1, nicolae_vaults_trapezoid_3, hangedman_vaults_nails,
          nicolae_vaults_offset_grid_hallway_4, hangedman_vaults_nails,
          vaults_mumra_chevron_long, layout_vaults_big_cross, serial_shops,
          bzr_entry_water, nicolae_shop_tiny_real_fake_doors
Vaults:2: nicolae_vaults_bisected_exclaves, vaults_dpeg_encased_lava,
          kb_rosetta, nicolae_vaults_little_squares_3, hangedman_vaults_stagger,
          nicolae_vaults_little_ls, nicolae_vaults_tetromino_Z_1,
          nicolae_vaults_rhombus_6, ontoclasm_vaults_pinch,
          nicolae_vaults_layer_cake_slice, hangedman_vaults_cutoff,
          nicolae_vaults_wine_cellar, v_alt_pattern_6,
          nicolae_vaults_border_crossing, nicolae_vaults_house_2,
          layout_vaults_omnibox, serial_shops, nicolae_shop_statue_plus,
          nicolae_shop_window_shopping, nicolae_shop_tiny_statue_garden,
          nicolae_book_shop_shelving, shop, uniq_sojobo, uniq_frederick,
          uniq_margery
Vaults:3: minmay_crypt_entry_necro_gods, nicolae_vaults_oozy_zoo,
          ontoclasm_vaults_claustrophobia, nicolae_vaults_tetromino_L_2,
          nicolae_vaults_tetromino_L_1, layout_vaults_quadrants
Vaults:4: v_alt_pattern_2, vaults_room_hallway, vaults_room_octagon,
          ontoclasm_vaults_loading_screen, nicolae_vaults_diamond_2,
          nicolae_vaults_trapezoid_2, hangedman_vaults_capsules,
          nicolae_vaults_more_shelving_1, nicolae_vaults_prndl,
          hangedman_vaults_nails, nicolae_vaults_arrows, nicolae_vaults_two_Ls,
          layout_vaults_maze_bifur, serial_shops, nicolae_shop_gaudy_bauble
Vaults:5
Depths:1: layout_cave_pools, hell_entry, nzn_wu_jian_council_hall, serial_bayou,
          serial_bayou_lagoon_a, serial_bayou_pond_d, serial_bayou_pond_b,
          serial_bayou_crossing, nicolae_uskayaw_en_pointe
Depths:2: minmay_expanding_circles, layout_cave_pools, enter_ziggurat_f,
          rand_demon_pan_entry_5, serial_shops, nicolae_shop_tiny_glass,
          hell_entry, minmay_metal_thing
Depths:3: grunt_runaround [grunt_runaround_loot, grunt_runaround_doors_1,
          grunt_runaround_doors_2, grunt_runaround_doors_3,
          grunt_runaround_doors_4], hell_entry, abyss_entry, uniq_enchantress,
          uniq_josephina
Depths:4: grunt_zot_entry_tricorne, layout_cave_pools, hangedman_coc_ice_floe,
          serial_shops, shop, elyvilon_altar_3, nicolae_figureground_pulse
Zot:1:    layout_basic
Zot:2:    layout_cathedral_of_symmetry
Zot:3:    dreamdust_zin_vs_xom, layout_gridlike,
          regret_index_zotdec_split_disrupt
Zot:4:    layout_twisted_circle, regret_index_zotdec_banners
Zot:5:    layout_misc_corridors, hangedman_zot_diagonal_lockstep,
          regret_index_zotdec_zees, uniq_tiamat

Skill      XL: |  1  2  3  4  5  6  7  8  9 10 11 12 13 14 15 16 17 18 19 20 21 22 23 24 25 26 27 |
---------------+----------------------------------------------------------------------------------+-----
Stealth        | 2 4 5 6 8 |  8.0
Necromancy     | 1 3 4 5 6 7 9 10 12 14 15 18 19 20 | 20.0
Evocations     | 1 2 3 5 6 |  6.0
Fighting       | 3 5 7 8 10 12 14 15 18 | 18.0
Spellcasting   | 3 5 8 10 12 14 15 16 18 19 22 23 | 23.6
Short Blades   | 3 6 |  6.0
Earth Magic    | 3 5 6 7 8 |  8.0
Shields        | 4 7 |  7.0
Dodging        | 6 7 8 11 | 11.9
Maces & Flails | 4 6 7 10 11 12 | 12.0
Conjurations   | 8 |  8.0
Armour         | 3 7 10 11 13 | 13.9
Fire Magic     | 1 9 15 17 18 19 | 19.0
Alchemy        | 6 8 |  8.0
Throwing       | |  0.8
Translocations | |  3.0

Action                     |  1- 3 |  4- 6 |  7- 9 | 10-12 | 13-15 | 16-18 | 19-21 | 22-24 | 25-27 || total
---------------------------+-------+-------+-------+-------+-------+-------+-------+-------+-------++-------
  Melee: Short sword       |    65 |    63 |       |       |       |       |       |       |       ||   128
         Dagger            |       |    26 |   186 |   272 |   505 |   190 |       |       |       ||  1179
         Unarmed           |       |       |     2 |       |       |       |       |       |       ||     2
         Constrict         |       |       |       |       |   103 |    39 |    41 |    43 |    43 ||   269
         Demon whip        |       |       |       |       |       |    31 |   192 |   236 |   381 ||   840
   Fire: Sling             |       |    30 |       |       |       |       |       |       |       ||    30
  Throw: Dart              |     3 |     2 |     2 |     3 |     2 |       |       |       |       ||    12
         Stone             |     1 |     3 |     1 |       |       |       |       |       |       ||     5
   Cast: Blink             |     1 |     4 |     1 |     1 |     3 |     1 |     1 |       |     3 ||    15
         Vampiric Draining |       |     3 |    20 |    17 |    66 |    39 |     5 |       |       ||   150
         Animate Dead      |       |       |     6 |    15 |    24 |    18 |     7 |     7 |    11 ||    88
         Borgnjor's Vile C |       |       |       |    75 |   114 |   109 |    59 |    32 |    49 ||   438
         Dispel Undead     |       |       |       |     7 |     6 |     5 |       |     3 |    12 ||    33
         Death Channel     |       |       |       |     4 |    40 |    25 |    21 |    14 |    18 ||   122
         Lee's Rapid Decon |       |       |       |     3 |    21 |     9 |     9 |     6 |     4 ||    52
         Sublimation of Bl |       |       |       |       |    12 |    21 |    38 |    54 |    72 ||   197
         Infestation       |       |       |       |       |       |    46 |   135 |   129 |   161 ||   471
         Bombard           |       |       |       |       |       |    26 |    23 |    20 |    38 ||   107
         Ignition          |       |       |       |       |       |       |       |     9 |    49 ||    58
         Irradiate         |       |       |       |       |       |       |       |       |     1 ||     1
 Invoke: Unearth Wretches  |       |       |     8 |    12 |     8 |    10 |     5 |    13 |    28 ||    84
         Brand Weapon With |       |       |       |       |       |       |     1 |       |       ||     1
Ability: Spit Poison       |    62 |    68 |    35 |    18 |     3 |       |       |       |       ||   186
  Evoke: Wand              |       |     4 |    16 |    30 |    25 |    11 |     6 |     2 |    21 ||   115
         Sack of spiders   |       |       |       |     2 |     3 |     4 |     2 |     2 |     1 ||    14
         Phantom mirror    |       |       |       |       |     1 |     1 |     1 |       |       ||     3
         Phial of floods   |       |       |       |       |       |     4 |     1 |       |       ||     5
         Lightning rod     |       |       |       |       |       |     8 |     6 |       |     5 ||    19
         Tin of tremorston |       |       |       |       |       |       |       |       |     2 ||     2
    Use: Scroll            |     2 |     5 |     5 |    15 |    11 |    14 |     5 |     4 |    14 ||    75
         Potion            |       |     1 |     6 |     2 |     5 |     6 |     4 |     1 |    13 ||    38
   Stab: Sleeping          |       |     2 |     2 |    10 |    13 |    11 |     3 |     1 |     5 ||    47
         Paralysed         |       |       |     6 |    10 |     3 |     7 |       |     9 |     9 ||    44
         Invisible         |       |       |     3 |     2 |       |       |       |       |       ||     5
         Distracted        |       |       |     2 |     3 |    14 |     4 |     1 |     9 |     8 ||    41
         Petrifying        |       |       |       |       |     2 |       |       |       |       ||     2
         Petrified         |       |       |       |       |     2 |       |       |       |       ||     2
 Armour: Leather armour    |    38 |    80 |   167 |   225 |   135 |       |       |       |       ||   645
         Skin              |       |       |     4 |       |     1 |       |       |       |       ||     5
         Steam dragon scal |       |       |       |     5 |       |       |       |       |       ||     5
         Robe              |       |       |       |       |   424 |   443 |   303 |   277 |   480 ||  1927
  Dodge: Dodged            |    23 |    57 |   148 |   143 |   359 |   111 |   105 |    93 |   145 ||  1184
  Block: Buckler           |       |       |       |       |   163 |   164 |   105 |    83 |   136 ||   651

Table legend: (Time is in decaauts)
 A = Elapsed time spent in this place.
 B = Non-inter-level travel time spent in this place.
 C = Inter-level travel time spent in this place.
 D = Time resting spent in this place.
 E = Time spent auto-exploring this place.
 F = Levels seen in this place.
 G = Mean time per level.
                   A        B        C        D        E       F      G
               +--------+--------+--------+--------+--------+-----+--------+
         Total |  79950 |  69760 |  10190 |   4837 |  45704 |  58 | 1378.4 |
       Dungeon |  27841 |  22764 |   5077 |   2716 |  13766 |  15 | 1856.1 |
          Lair |   9866 |   8696 |   1170 |      5 |   7310 |   5 | 1973.2 |
         Swamp |   3493 |   3351 |    142 |    169 |   2252 |   4 |  873.2 |
     Snake Pit |   6644 |   6014 |    630 |     73 |   4721 |   4 | 1661.0 |
    Slime Pits |    896 |    768 |    128 |    187 |    209 |   5 |  179.2 |
  Orcish Mines |   3330 |   2709 |    621 |    276 |   1601 |   2 | 1665.0 |
   Elven Halls |   4522 |   4185 |    337 |    100 |   2691 |   3 | 1507.3 |
        Vaults |   9539 |   8358 |   1181 |    250 |   5454 |   5 | 1907.8 |
        Depths |   5700 |   5253 |    447 |    110 |   3725 |   4 | 1425.0 |
           Zot |   5043 |   4591 |    452 |     59 |   2980 |   5 | 1008.6 |
        Bazaar |    271 |    271 |      0 |      0 |    171 |   1 |  271.0 |
         Trove |    133 |    133 |      0 |      0 |      0 |   1 |  133.0 |
        Bailey |    883 |    883 |      0 |    227 |    332 |   1 |  883.0 |
      Ice Cave |    182 |    182 |      0 |    119 |      9 |   1 |  182.0 |
       Volcano |    388 |    388 |      0 |     82 |    154 |   1 |  388.0 |
      Gauntlet |   1210 |   1210 |      0 |    462 |    322 |   1 | 1210.0 |
               +--------+--------+--------+--------+--------+-----+--------+

Top non-repeatable levels by time:
    D:11: 2729 daAuts
  Lair:1: 2603 daAuts
Vaults:2: 2595 daAuts
    D:14: 2546 daAuts
     D:5: 2430 daAuts
    D:13: 2294 daAuts
 Snake:4: 2124 daAuts
  Lair:3: 2067 daAuts
     D:1: 1996 daAuts
Vaults:1: 1986 daAuts
 Snake:2: 1908 daAuts
    D:10: 1907 daAuts
  Lair:4: 1827 daAuts
     D:3: 1792 daAuts
     D:2: 1786 daAuts
